 Dungeon Crawl Stone Soup version 0.29-a0-994-gc5c9f59d18 (webtiles) character file.

Game seed: 2873441298477857258

5880 Sobieck the Cleaver (level 10, 0/85 HPs)
             Began as a Palentonga Abyssal Knight on Aug 4, 2022.
             Was an Elder of Lugonu.
             Slain by a yak (12 damage)
             ... on level 9 of the Dungeon.
             The game lasted 00:18:10 (10024 turns).

Sobieck the Cleaver (Palentonga Abyssal Knight)    Turns: 10024, Time: 00:18:10

Health: 0/85       AC: 16    Str: 22    XL:     10   Next: 52%
Magic:  16/16      EV:  5    Int: 11    God:    Lugonu [****..]
Gold:   462        SH:  3    Dex: 11    Spells: 9/9 levels left

rFire   . . .      SeeInvis +   a - +2 hand axe (elec) {axe}
rCold   . . .      Faith    .   Q - +0 buckler
rNeg    . . .      Spirit   .   i - +1 chain mail
rPois   +          Reflect  .   w - +1 hat
rElec   .          Harm     .   (no cloak)
rCorr   .          Rampage  .   (no gloves)
Will    +....                   (no barding)
Stlth   ..........              (no amulet)
HPRegen 0.24/turn               j - ring of willpower
MPRegen 0.15/turn               k - ring of poison resistance

@: curled up
A: large, rugged brown scales 3, see invisible, deformed body, roll 1, armoured
tail, reflexive curl
a: Rolling Charge, Renounce Religion, Depart the Abyss, Bend Space, Banish,
Corrupt


You were on level 9 of the Dungeon.
You worshipped Lugonu.
Lugonu was greatly pleased with you.
You visited 1 branch of the dungeon, and saw 9 of its levels.
You visited the Abyss 1 time.

You collected 662 gold pieces.
You spent 200 gold pieces at shops.


Innate Abilities, Weirdness & Mutations

You are completely covered in rugged brown scales. (AC +3, +7% HP)
You have supernaturally acute eyesight. (SInv)
Armour fits poorly on your strangely shaped body.
You can roll at nearby foes to attack.
You have a long armoured tail.
You curl defensively after being hit. (AC +7*)


   Skills:
 + Level 8.2 Fighting
 - Level 12.0 Axes
 - Level 1.5 Armour
 - Level 0.7 Dodging
 + Level 8.5 Invocations


You had 9 spell levels left.
You didn't know any spells.
Your spell library contained the following spells:

 Spells                   Type           Power      Damage    Failure   Level
 Beastly Appendage        Tmut           0%         N/A       99%         1
 Ensorcelled Hibernation  Hex/Ice        0%         N/A       100%        2
 Passwall                 Tmut/Erth      0%         N/A       100%        2
 Poisonous Vapours        Pois/Air       0%         N/A       100%        2
 Wereblood                Tmut           0%         N/A       100%        2
 Ozocubu's Armour         Ice            0%         N/A       100%        3
 Spider Form              Tmut/Pois      0%         N/A       100%        3
 Swiftness                Air            0%         N/A       100%        3
 Corpse Rot               Necr/Pois/Air  0%         N/A       100%        4
 Metabolic Englaciation   Hex/Ice        0%         N/A       100%        5
 Simulacrum               Ice/Necr       0%         N/A       100%        6

Inventory:

Hand Weapons
 a - a +2 hand axe of electrocution (weapon) {axe}
 F - a +0 battleaxe {axe}
   (You found it on level 8 of the Dungeon)
Missiles
 h - 80 stones {throwing}
 n - 6 curare-tipped darts {=fthrowing}
 x - 13 poisoned darts {throwing}
 V - 8 boomerangs {throwing}
Armour
 e - a +0 chain mail
   (You took it off an orc on level 9 of the Dungeon)
 f - a +0 leather armour
   (You found it on level 1 of the Dungeon)
 i - a +1 chain mail (worn)
   (You found it on level 1 of the Dungeon)
 o - a +0 animal skin
   (You took it off Robin on level 3 of the Dungeon)
 w - a +1 hat (worn)
   (You found it on level 2 of the Dungeon)
 A - a +0 chain mail
   (You took it off an orc warrior on level 9 of the Dungeon)
 E - a +0 chain mail
   (You took it off an orc on level 3 of the Dungeon)
 H - a +0 leather armour
   (You found it on level 4 of the Dungeon)
 I - the +2 robe of the Boiling Point {Harm rF+ Stlth+}
   (You found it on level 4 of the Dungeon)

   rF:        It protects you from fire.
   Harm:      It increases damage dealt and taken.
   Stlth:     It makes you more stealthy.
 L - a +0 leather armour
   (You found it on level 4 of the Dungeon)
 N - a +0 scale mail
   (You took it off an orc on level 7 of the Dungeon)
 P - a +0 ring mail
   (You found it on level 5 of the Dungeon)
 Q - a +0 buckler (worn)
   (You found it on level 5 of the Dungeon)
 S - a +0 robe
   (You took it off Dowan on level 5 of the Dungeon)
 U - a +0 leather armour
   (You took it off Duvessa on level 5 of the Dungeon)
 W - a +0 robe
   (You took it off an orc wizard on level 7 of the Dungeon)
 X - a +0 leather armour
   (You took it off an orc on level 7 of the Dungeon)
 Y - +0 steam dragon scales
   (You found it on level 9 of the Dungeon)
Magical Staves
 u - a staff of poison {!astaff}
   (You found it on level 2 of the Dungeon)
Jewellery
 b - an amulet of faith {!P}
   (You found it on level 7 of the Dungeon)
 d - a ring of protection from fire
   (You found it on level 9 of the Dungeon)
 j - a ring of willpower (left hand)
   (You found it on level 1 of the Dungeon)
 k - a ring of poison resistance (right hand)
   (You bought it in a shop on level 7 of the Dungeon)
 p - a ring of wizardry
   (You found it on level 9 of the Dungeon)
Wands
 s - a wand of light (12)
   (You found it on level 7 of the Dungeon)
 B - a wand of flame (21)
   (You took it off Jessica on level 3 of the Dungeon)
Scrolls
 r - a scroll of poison {!r}
 v - a scroll of brand weapon
 y - 2 scrolls of teleportation {@r4}
 z - 4 scrolls of butterflies
 D - a scroll of blinking {!r}
 G - 4 scrolls of fear
 K - a scroll of vulnerability {!r!r}
 Z - a scroll of torment {unknown}
Potions
 c - 7 potions of curing {@q1}
 g - 3 potions of mutation {!q}
 l - a potion of cancellation {unknown}
 m - 4 potions of flight {unknown}
 q - a potion of berserk rage {unknown}
 t - 2 potions of invisibility
 C - 2 potions of ambrosia {unknown}
 J - a potion of brilliance {unknown}
 M - a potion of attraction {unknown}
 O - a potion of magic {unknown}
 R - 2 potions of haste {unknown}
 T - 2 potions of degeneration {unknown}

Dungeon Overview and Level Annotations

Branches:
Dungeon (9/15) Zot: 24881  Temple (0/1) D:6            Lair (0/5) D:8
    Orc: D:9-12

Altars:
Cheibriados
Dithmenos
Elyvilon
Gozag
Kikubaaqudgha
Nemelex Xobeh
Qazlal
Trog
Vehumet
Zin

Shops:
D:3 :   D:7 *

Annotations:
D:3 1 runed translucent door, Crazy Yiuf
D:9 1 runed translucent door, OhItsWolfy's ghost, journeyman MiHu

#...# ....# #..
#...# ....#
...#...# #####
..#...# . .....# .
....# #. ...# #.#
#Y†# #.###@.#
#......#
########......#
#.............#
#.............#
#.............#
#.............#
#...........#.#
#####.............#


You could see a yak.


Message History

Lugonu accepts your kill.
No target in view!
No target in view!
As you open the door, it creaks loudly!
Unknown command.
There is an open door here.
You see here a +1 vorpal shortbow {bow}.
Unknown command.
There is an open door here.
There is an open door here.
You open the door.
There is an open door here.
A wraith comes into view.
Danger!
You roll forward with a clatter of scales!
An acid dragon comes into view.
You slash the wraith! The wraith hits you but does no damage.
You slash the wraith! Lightning courses through the wraith!
Your tail-slap misses the wraith.
You slash the wraith! Lightning courses through the wraith!
You destroy the wraith!
Lugonu accepts your kill. The acid dragon spits acid at you.
The splash of acid hits you!!
You hear a bellow! x2
Unknown command.
You roll forward with a clatter of scales!
You slash the acid dragon! The acid dragon bites you.
The acid dragon claws you.
Unknown command.
You are too injured to fight recklessly!
Unknown command.
You closely miss the acid dragon. The acid dragon bites you.
The acid dragon claws you but does no damage.
You hit the acid dragon. The acid dragon bites you. The acid dragon claws you.
You slash the acid dragon!
You kill the acid dragon!
Lugonu accepts your kill.
Your Invocations skill increases to level 8!
Unknown command.
You start resting.
Unknown command.
A yak comes into view.
Danger!
Unknown command.
You are too injured to fight recklessly!
Unknown command.
Roll where?
Press: ? - help, Dir - move target, f - yak
Aim: a yak (wandering, hasn't noticed you)
You roll forward with a clatter of scales! 3 yaks come into view.
The yak bellows! x3
You slash the yak! The yak gores you!
Unknown command.
You closely miss the yak.
A yak comes into view.
You slash the yak! Lightning courses through the yak! You hit the yak. x2
The yak barely misses you. The yak gores you. x2
Unknown command.
You slash the yak! You tail-slap the yak! You hit the yak.
Lightning courses through the yak!!
You kill the yak!
Lugonu accepts your kill.
You barely miss the yak. The yak barely misses you. The yak gores you.
You slash the yak! Lightning courses through the yak!!
You kill the yak!
Lugonu accepts your kill.
You barely miss the yak. You hit the yak. Lightning courses through the yak!!
Your Fighting skill increases to level 8!
Unknown command.
You slash the yak!
You kill the yak!
Lugonu accepts your kill.
You hit the yak. The yak barely misses you.
Unknown command.
You hit the yak.
You tail-slap the yak, but do no damage.
You slash the yak! The yak gores you!
* * * LOW HITPOINT WARNING * * *
The yak gores you!
* * * LOW HITPOINT WARNING * * *
You hit the yak.
Your tail-slap misses the yak.
You hit the yak. You block the yak's attack. The yak gores you!
* * * LOW HITPOINT WARNING * * *
Unknown command.
You hit the yak. You slash the yak! Lightning courses through the yak!!
You kill the yak!
Lugonu accepts your kill.
You hit the yak.
You tail-slap the yak, but do no damage.
The yak gores you!
* * * LOW HITPOINT WARNING * * *
Unknown command.
You hit the yak. You block the yak's attack.
You completely miss the yak. You tail-slap the yak. You slash the yak!
You tail-slap the yak, but do no damage.
The yak gores you!
You die...

Skill      XL: |  1  2  3  4  5  6  7  8  9 10 |
---------------+-------------------------------+-----
Axes           | 3 4 5 6 7 9 10 11 12 | 12.0
Invocations    | 4 7 8 |  8.5
Fighting       | 4 6 8 |  8.2
Armour         | |  1.5
Dodging        | |  0.7

Action                   |  1- 3 |  4- 6 |  7- 9 | 10-12 || total
-------------------------+-------+-------+-------+-------++-------
Melee: Hand axe          |    75 |    97 |   215 |    88 ||   475
       Tailslap          |     3 |     8 |    27 |    13 ||    51
       Punch             |       |     1 |       |       ||     1
Invok: Banish            |       |       |     2 |       ||     2
 Abil: Rolling Charge    |    32 |    19 |    40 |     8 ||    99
  Use: Scroll            |     8 |     3 |     8 |       ||    19
       Potion            |       |     1 |     1 |     2 ||     4
Armor: Leather armour    |     6 |       |       |       ||     6
       Chain mail        |    32 |    62 |   100 |    16 ||   210
Dodge: Dodged            |    14 |    17 |    28 |    17 ||    76
Block: Buckler           |       |       |    13 |     5 ||    18

Levels and vault maps discovered:
D:1:      minmay_arrival_four_loops, layout_rooms
D:2:      minmay_spotlight, layout_rooms,
          shapermc_ecumenical_altar_mp_ritualfount
D:3:      layout_loops_ring, nicolae_dithmenos_through_a_glass_darkly,
          serial_shops, nicolae_shop_competitors_out_of_business, uniq_jessica,
          uniq_crazy_yiuf_cottage, uniq_robin
D:4:      layout_basic
D:5:      nicolae_BIG_FREAKIN_CUBE, layout_rooms, grunt_qazlal_sundering,
          uniq_duvessa, uniq_menkaure
D:6:      layout_rooms, minmay_temple_entry_nine_rooms, serial_rivers,
          chequers_serial_rivers_small_a, chequers_serial_rivers_marsh,
          chequers_serial_rivers_micro_c, chequers_serial_rivers_marsh,
          chequers_serial_rivers_room_b
D:7:      layout_loops_corners, nicolae_overflow_hallway_of_the_gods,
          serial_bayou_pond_a, guppyfry_shop_venom
D:8:      layout_basic, mainiacjoe_overflow_concentric_impassable,
          lemuel_zombie_altar_kikubaaqudgha, lair_entry_dummy,
          minmay_misc_feat_enclosed, uniq_joseph
D:9:      layout_stronghold, kennysheep_mini, hellmonk_ghost_happy_afterlife,
          kennysheep_just_a_vault

Notes
Turn   | Place    | Note
-------+----------+-------------------------------------------
     0 | Abyss:1  | Sobieck the Palentonga Abyssal Knight began the quest for
                  | the Orb.
     0 | Abyss:1  | Reached XP level 1. HP: 19/19 MP: 2/2
     1 | D:1      | You pass through the gate.
     1 | D:1      | Escaped the Abyss
   141 | D:1      | Reached XP level 2. HP: 20/25 MP: 3/3
   283 | D:1      | Reached skill level 3 in Axes
   864 | D:2      | Reached XP level 3. HP: 31/31 MP: 4/4
   953 | D:2      | Reached *** piety under Lugonu
  1168 | D:2      | Reached skill level 4 in Axes
  1400 | D:2      | Found a faded altar of an unknown god.
  1619 | D:3      | Noticed Robin
  1621 | D:3      | Reached XP level 4. HP: 33/37 MP: 5/5
  1804 | D:3      | Killed Robin
  2018 | D:3      | Noticed Jessica
  2024 | D:3      | Killed Jessica
  2025 | D:3      | Reached skill level 5 in Axes
  2108 | D:3      | Reached XP level 5. HP: 34/43 MP: 6/6
  2382 | D:3      | Found Nyva Losm's Book Shop.
  2452 | D:3      | Found a shadowy altar of Dithmenos.
  2614 | D:3      | Found a runed translucent door.
  2615 | D:3      | Noticed Crazy Yiuf
  2760 | D:4      | Identified the +2 robe of the Boiling Point {Harm rF+
                  | Stlth+}
  3224 | D:4      | Noticed a phantom
  3230 | D:4      | Killed a phantom
  3231 | D:4      | Reached skill level 6 in Axes
  3231 | D:4      | Reached XP level 6. HP: 44/50 MP: 7/7
  3274 | D:4      | You pick up a book of Winter and begin reading...
  3274 | D:4      | You add the spells Ozocubu's Armour, Metabolic Englaciation
                  | and Simulacrum to your library.
  3292 | D:5      | Entered Level 5 of the Dungeon
  3384 | D:5      | You pick up a book of Vapours and begin reading...
  3384 | D:5      | You add the spells Poisonous Vapours and Corpse Rot to your
                  | library.
  3441 | D:5      | Noticed an ice beast
  3451 | D:5      | HP: 11/50 [ice beast (14)]
  3457 | D:5      | Reached skill level 7 in Axes
  3458 | D:5      | Killed an ice beast
  3459 | D:5      | Gained mutation: You curl defensively after being hit. (AC
                  | +7*) [Palentonga growth]
  3459 | D:5      | Reached XP level 7. HP: 28/55 MP: 8/8
  3829 | D:5      | Noticed Duvessa
  3839 | D:5      | Noticed Dowan
  3843 | D:5      | Killed Duvessa
  3844 | D:5      | Reached skill level 8 in Axes
  3847 | D:5      | Killed Dowan
  3847 | D:5      | Reached **** piety under Lugonu
  3986 | D:5      | Noticed Menkaure
  3993 | D:5      | Killed Menkaure
  3994 | D:5      | Reached skill level 9 in Axes
  4113 | D:5      | Found a stormy altar of Qazlal.
  4287 | D:6      | Reached XP level 8. HP: 50/62 MP: 9/9
  4561 | D:6      | Found a staircase to the Ecumenical Temple.
  4886 | D:7      | Reached skill level 10 in Axes
  5459 | D:7      | Reached skill level 3 in Invocations
  5582 | D:7      | Identified the +7 spear "Roiseth" {protect, Int+4}
  5596 | D:7      | Found a sparkling altar of Nemelex Xobeh.
  5599 | D:7      | Found a white marble altar of Elyvilon.
  5609 | D:7      | Found a bloodstained altar of Trog.
  5610 | D:7      | Found a snail-covered altar of Cheibriados.
  5616 | D:7      | Found a glowing silver altar of Zin.
  5972 | D:7      | Found Imesaro's Serpentskin Sales.
  5985 | D:7      | Bought a ring of poison resistance for 200 gold pieces
  5999 | D:8      | Noticed Joseph
  6005 | D:8      | HP: 16/64 [Joseph/+3 quarterstaff of pain (1)]
  6010 | D:8      | Killed Joseph
  6011 | D:8      | Reached skill level 4 in Fighting
  6011 | D:8      | Reached skill level 4 in Invocations
  6366 | D:8      | Reached XP level 9. HP: 65/70 MP: 12/12
  6530 | D:8      | Found an opulent altar of Gozag.
  6836 | D:8      | Found an ancient bone altar of Kikubaaqudgha.
  6883 | D:8      | Found a staircase to the Lair.
  6884 | D:8      | Reached skill level 5 in Fighting
  6945 | D:8      | Noticed a two-headed ogre
  6949 | D:8      | HP: 2/72 [two-headed ogre/+0 giant spiked club (21)]
  7367 | D:8      | Reached skill level 5 in Invocations
  7648 | D:8      | Banished a two-headed ogre
  7649 | D:8      | Reached skill level 11 in Axes
  7936 | D:9      | Found a runed translucent door.
  7936 | D:9      | Noticed OhItsWolfy's ghost (journeyman MiHu)
  7944 | D:9      | Reached skill level 6 in Fighting
  7944 | D:9      | Reached skill level 6 in Invocations
  8013 | D:9      | Noticed a two-headed ogre
  8245 | D:9      | Banished a two-headed ogre
  8500 | D:9      | Reached skill level 7 in Invocations
  8500 | D:9      | Reached XP level 10. HP: 67/82 MP: 15/15
  8607 | D:9      | You pick up a book of Changes and begin reading...
  8607 | D:9      | You add the spells Beastly Appendage, Wereblood and Spider
                  | Form to your library.
  8733 | D:8      | Reached skill level 7 in Fighting
  9235 | D:8      | HP: 13/84 [yak (10)]
  9244 | D:8      | Reached skill level 12 in Axes
  9652 | D:9      | You pick up a book of Burglary and begin reading...
  9652 | D:9      | You add the spells Passwall, Ensorcelled Hibernation and
                  | Swiftness to your library.
  9682 | D:9      | Found a radiant altar of Vehumet.
  9941 | D:9      | Reached skill level 8 in Invocations
 10017 | D:9      | Reached skill level 8 in Fighting
 10019 | D:9      | HP: 19/85 [yak (8)]
 10024 | D:9      | Slain by a yak

Vanquished Creatures
  Joseph (D:8)
  A troll (D:8)
  A wraith (D:9)
  A wyvern (D:9)
  A basilisk (D:9)
  8 yaks
  Menkaure (D:5)
  A steam dragon (D:9)
  A water moccasin (D:9)
  An acid dragon (D:9)
  Duvessa (D:5)
  An orc warrior (D:9)
  2 ice beasts
  An ogre (D:7)
  A centaur (D:9)
  3 kobold brigands
  2 phantoms
  2 bullfrogs (D:8)
  A gnoll sergeant (D:8)
  Dowan (D:5)
  2 howler monkeys
  5 hounds
  2 jellies
  An orc priest (D:9)
  A gnoll bouda (D:7)
  Jessica (D:3)
  5 iguanas
  6 orc wizards
  Robin (D:3)
  13 gnolls
  8 adders
  2 shadow imps
  2 white imps
  A worm (D:3)
  A dart slug (D:5)
  16 orcs
  5 ball pythons
  A bat zombie (D:8)
  An endoplasm (D:1)
  3 giant cockroaches
  15 goblins
  4 hobgoblins
  14 kobolds
  6 quokkas
  2 bats
  4 frilled lizards
  6 rats
  2 rat zombies (D:8)
162 creatures vanquished.

Vanquished Creatures (others)
  2 plants (D:7)
2 creatures vanquished.

Grand Total: 164 creatures vanquished

Table legend:
 A = Non-vault XP
 B = Vault XP
 C = Vault XP percentage of total XP
 D = Non-vault monster count
 E = Vault monster count
 F = Vault count percentage of total count
                 A         B        C        D         E       F
            +---------+---------+-------+---------+---------+-------
      Total |    7241 |    1159 |  13.8 |     141 |      23 |  14.0
            +---------+---------+-------+---------+---------+-------
        D:1 |      29 |       0 |   0.0 |      18 |       0 |   0.0
        D:2 |      53 |      13 |  19.7 |      11 |       7 |  38.9
        D:3 |     113 |      63 |  35.8 |      23 |       7 |  23.3
        D:4 |     116 |       0 |   0.0 |       3 |       0 |   0.0
        D:5 |     488 |     382 |  43.9 |      11 |       3 |  21.4
        D:6 |     346 |       0 |   0.0 |       7 |       0 |   0.0
        D:7 |     540 |      13 |   2.4 |      19 |       1 |   5.0
        D:8 |    2684 |     479 |  15.1 |      29 |       4 |  12.1
        D:9 |    2872 |     209 |   6.8 |      20 |       1 |   4.8
            +---------+---------+-------+---------+---------+-------

Illustrated notes

Table legend:
 A = Kills in this place as a percentage of kills in entire the game.
 B = Kills by you in this place as a percentage of kills by you in the entire game.
 C = Kills by friends in this place as a percentage of kills by friends in the entire game.
 D = Other kills in this place as a percentage of other kills in the entire game.
 E = Experience gained in this place as a percentage of experience gained in the entire game.
 F = Experience gained in this place divided by the number of levels of this place that you have seen.
                   A       B       C       D       E      F
               +-------+-------+-------+-------+-------+----------------------
         Total | 100.0 | 100.0 |   N/A | 100.0 | 100.0 | 840.0
       Dungeon | 100.0 | 100.0 |   N/A | 100.0 | 100.0 | 933.3
               +-------+-------+-------+-------+-------+----------------------

Table legend: (Time is in decaauts)
 A = Elapsed time spent in this place.
 B = Non-inter-level travel time spent in this place.
 C = Inter-level travel time spent in this place.
 D = Time resting spent in this place.
 E = Time spent auto-exploring this place.
 F = Levels seen in this place.
 G = Mean time per level.
                   A        B        C        D        E       F      G
               +--------+--------+--------+--------+--------+-----+--------+
         Total |  10000 |   9680 |    320 |   2697 |   5836 |  10 | 1000.0 |
       Dungeon |   9999 |   9679 |    320 |   2697 |   5836 |   9 | 1111.0 |
         Abyss |      1 |      1 |      0 |      0 |      0 |   1 |    1.0 |
               +--------+--------+--------+--------+--------+-----+--------+

Top non-repeatable levels by time:
     D:8: 2683 daAuts
     D:9: 1313 daAuts
     D:7: 1114 daAuts
     D:3: 975 daAuts
     D:2: 948 daAuts
     D:5: 938 daAuts
     D:1: 740 daAuts
     D:6: 642 daAuts
     D:4: 642 daAuts
 Abyss:1: 1 daAuts
